 Dungeon Crawl Stone Soup version 0.30-a0-121-gb27577e5d9 (webtiles) character file.

Game seed: 5196522435826970631

2223 DEFE the Basher (level 9, -6/79 HPs)
             Began as a Meteoran Fighter on Sept 14, 2022.
             Was a Follower of Okawaru.
             Mangled by an orc wizard
             ... wielding a +2 dagger of electrocution
              (12 damage)
             ... on level 9 of the Dungeon.
             The game lasted 00:10:38 (4409 turns).

DEFE the Basher (Meteoran Fighter)                  Turns: 4409, Time: 00:10:38

Health: -6/79      AC: 10    Str: 25 (26) XL:     9   Next: 93%
Magic:  10/10      EV: 15    Int: 10 (12) God:    Okawaru [*.....]
Gold:   36         SH:  0    Dex: 12 (15) Spells: 8/8 levels left

rFire   . . .      SeeInvis .    E - +9 flail of Kindness {protect, Str+5 Int+2}
rCold   . . .      Faith    .    c - +0 buckler
rNeg    . . .      Spirit   .    J - +0 acid dragon scales
rPois   +          Reflect  .    C - +0 helmet
rElec   .          Harm     .    (no cloak)
rCorr   +          Rampage  .    (no gloves)
Will    +....                    p - +0 pair of boots
Stlth   ..........               (no amulet)
HPRegen 0.23/turn                f - +4 ring of evasion
MPRegen 0.12/turn                x - ring of poison resistance

@: confused, ambrosia-drunk, glowing
A: sense surroundings 2, otherworldly, glowing, explore regen
a: Renounce Religion, Heroism


You were on level 9 of the Dungeon.
You worshipped Okawaru.
Okawaru was aware of your devotion.
You visited 2 branches of the dungeon, and saw 10 of its levels.
You also visited: Ossuary.

You collected 358 gold pieces.
You spent 322 gold pieces at shops.

Inventory:

Hand Weapons
 a - a +1 flail
 E - the +9 flail of Kindness (weapon) {protect, Str+5 Int+2}
   (You found it on level 5 of the Dungeon)

   It grants its wielder temporary protection when it strikes (+7 to AC).
   Str:       It affects your strength (+5).
   Int:       It affects your intelligence (+2).
Missiles
 j - 2 poisoned darts (quivered)
 s - 2 throwing nets
Armour
 b - a +0 scale mail
 c - a +0 buckler (worn)
 p - a +0 pair of boots (worn)
 C - a +0 helmet (worn)
 J - +0 acid dragon scales (worn)
 K - a +0 plate armour
Jewellery
 f - a +4 ring of evasion (left hand)
 l - a ring of flight
 v - a ring of fire
 x - a ring of poison resistance (right hand)
Wands
 k - a wand of flame (27)
 D - a wand of polymorph (8)
Scrolls
 g - 5 scrolls of teleportation
 m - 2 scrolls of enchant weapon
 q - 2 scrolls of enchant armour {unknown}
 t - a scroll of fear {unknown}
 u - a scroll of vulnerability
 w - 4 scrolls of noise
 y - 2 scrolls of blinking
 G - a scroll of amnesia
 H - a scroll of immolation {unknown}
Potions
 d - 3 potions of might
 e - 6 potions of curing
 h - 2 potions of resistance {unknown}
 i - 5 potions of mutation
 n - 3 potions of berserk rage {unknown}
 o - 2 potions of heal wounds {unknown}
 r - 5 potions of attraction
 z - 3 potions of magic {unknown}
 A - 3 potions of cancellation
 B - 2 potions of ambrosia
 F - 5 potions of degeneration
 I - a potion of flight


   Skills:
 + Level 7.3 Fighting
 + Level 8.4 Maces & Flails
 + Level 8.1 Armour
 + Level 1.3 Dodging
 + Level 8.0 Shields


You had 8 spell levels left.
You didn't know any spells.
Your spell library contained the following spells:

 Spells                   Type           Power      Damage    Failure   Level
 Cigotuvi's Dreadful Rot  Necr/Pois/Air  0%         N/A       65%         2
 Poisonous Vapours        Pois/Air       0%         N/A       65%         2


Dungeon Overview and Level Annotations

Branches:
Dungeon (9/15) Zot: 1157   Temple (1/1) D:6 Zot: 537 Ossuary (visited)
   Lair: D:8-11         Orc: D:9-12

Altars:
Ashenzari
Cheibriados
Dithmenos
Elyvilon
Fedhas
Gozag
Hepliaklqana
Kikubaaqudgha
Makhleb
Nemelex Xobeh
Okawaru
Qazlal
Ru
Sif Muna
Trog
Uskayaw
Vehumet
Wu Jian
Xom
Yredelemnul
Zin
The Shining One

Shops:
D:4 :   D:7 !

Annotations:
D:3 1 runed translucent door, Crazy Yiuf


Innate Abilities, Weirdness & Mutations

You passively map the area around you.
You are easily found by Zot.
You glow in the dark.
You regain HP and MP as you explore.


Message History

Unknown command.
Unknown command.
Unknown command.
Unknown command.
It was a potion of ambrosia.
You are confused.
You feel invigorated. Something hits you but does no damage.
You regained 6 hp, and now have 15/79 hp.
Unknown command.
Okay, then.
You barely miss something. Something hits you but does no damage.
You are electrocuted!
* * * LOW HITPOINT WARNING * * *
You take 10 damage, and have 5/79 hp.
You're too confused to move!
Something barely misses you.
You regained 5 hp, and now have 10/79 hp.
You bump into the rock wall.
Something hits you but does no damage.
You are electrocuted!
* * * LOW HITPOINT WARNING * * *
You take 5 damage, and have 5/79 hp.
You bump into the rock wall.
Something hits you but does no damage.
You regained 4 hp, and now have 9/79 hp.
Unknown command.
Unknown command.
You closely miss something. Something hits you but does no damage.
You regained 5 hp, and now have 14/79 hp.
Unknown command.
Unknown command.
You are too confused!
You bump into the rock wall.
Something hits you.
* * * LOW HITPOINT WARNING * * *
You are electrocuted!
* * * LOW HITPOINT WARNING * * *
You take 10 damage, and have 4/79 hp.
Unknown command.
You bump into the rock wall.
Something hits you.
* * * LOW HITPOINT WARNING * * *
You are electrocuted!
You die...

....#...##......###
***
....###............,,
,, ....#
####......##* ** * **
##### #......# ,
#......# ,* ##.#####
, , #....# * * *
####.### ,* * #.)@#
** *###{# * , ,
......)T..# ,, * *
.........?# , , *
..........+ * , *
...$......# ,* , , ,
..........# ,
########+## , ,* , *
* ** ** ,,


You could see a troll.

Vanquished Creatures
  Menkaure (D:5)
  An acid dragon (D:8)
  An orc warrior (D:9)
  5 black bears
  2 ice beasts
  2 centaurs (D:8)
  An ogre (D:5)
  3 bullfrogs (D:8)
  3 water moccasin zombies (Ossuary)
  A scorpion (D:5)
  3 orc priests
  4 hounds
  An iguana (D:7)
  Terence (D:3)
  2 orc wizards (D:8)
  2 mummies (Ossuary)
  4 adders
  4 gnolls (D:6)
  2 white imps
  3 ufetubi
  10 adder zombies (Ossuary)
  A worm zombie (D:6)
  A worm (D:2)
  2 dart slugs
  16 orcs
  5 ball pythons
  4 bats
  6 endoplasms
  8 giant cockroaches
  4 goblins
  3 hobgoblins (D:2)
  3 jackals (D:2)
  5 kobolds
  3 quokkas
  4 gnoll zombies
  A goblin zombie (D:6)
  5 hobgoblin zombies (Ossuary)
  A jackal zombie (D:6)
  3 kobold zombies (Ossuary)
  5 orc zombies
  7 rats
  A spectral kobold (D:9)
144 creatures vanquished.

Vanquished Creatures (others)
  A fungus (D:3)
1 creature vanquished.

Grand Total: 145 creatures vanquished

Notes
Turn   | Place    | Note
-------+----------+-------------------------------------------
     0 | D:1      | DEFE the Meteoran Fighter began the quest for the Orb.
     0 | D:1      | Reached XP level 1. HP: 19/19 MP: 2/2
     0 | D:1      | DEFE: ??Meteoran
     0 | D:1      | beem: meteoran[1/2]: A truly stellar species that has
                  | excellent apts and attributes and restores HP and MP as
                  | they explore. Their downside is they only get 600 turns on
                  | the {Zot clock} for each new level instead of the usual
                  | 6000! They also glow, making them easier to hit, reducing
                  | stealth, and preventing {invisibility}. New in 0.29.
   229 | D:1      | Reached XP level 2. HP: 21/26 MP: 3/3
   490 | D:1      | Glimpsed the power of Zot.
   528 | D:2      | Reached XP level 3. HP: 31/31 MP: 4/4
   585 | D:2      | Reached XP level 4. HP: 13/40 MP: 5/5
  1093 | D:3      | Reached XP level 5. HP: 32/46 MP: 6/6
  1120 | D:3      | Found a faded altar of an unknown god.
  1488 | D:3      | Noticed Terence
  1498 | D:3      | Killed Terence
  1544 | D:3      | Found a runed translucent door.
  1545 | D:3      | Noticed Crazy Yiuf
  1680 | D:4      | Reached XP level 6. HP: 47/53 MP: 7/7
  2008 | D:4      | Found Ruumario's Tremendous Tomes.
  2246 | D:4      | Glimpsed the power of Zot.
  2296 | D:4      | Glimpsed the power of Zot.
  2298 | D:5      | Entered Level 5 of the Dungeon
  2319 | D:5      | Noticed a black bear
  2330 | D:5      | Killed a black bear
  2331 | D:5      | Reached skill level 5 in Armour
  2331 | D:5      | Reached skill level 5 in Shields
  2371 | D:5      | Reached skill level 5 in Maces & Flails
  2371 | D:5      | Reached XP level 7. HP: 45/60 MP: 8/8
  2503 | D:5      | Identified the +9 flail of Kindness {protect, Str+5 Int+2}
  2515 | D:5      | Noticed Menkaure
  2525 | D:5      | Killed Menkaure
  2526 | D:5      | Reached skill level 5 in Fighting
  2825 | D:5      | Reached XP level 8. HP: 57/69 MP: 9/9
  2839 | D:5      | Glimpsed the power of Zot.
  3082 | D:6      | Found a sand-covered staircase.
  3102 | Ossuary  | Entered an ossuary
  3121 | Ossuary  | Gained mutation: You passively map the area around you.
                  | [Meteoran growth]
  3121 | Ossuary  | Reached XP level 9. HP: 71/75 MP: 10/10
  3351 | D:6      | Found a staircase to the Ecumenical Temple.
  3370 | Temple   | Entered the Ecumenical Temple
  3425 | Temple   | Became a worshipper of Warmaster Okawaru
  3669 | D:6      | Found a glowing golden altar of the Shining One.
  3669 | D:6      | Glimpsed the power of Zot.
  3700 | D:7      | Found a radiant altar of Vehumet.
  3715 | D:7      | Found Mabad's Distillery.
  3723 | D:7      | Bought a potion of curing for 42 gold pieces
  3723 | D:7      | Bought a potion of flight for 42 gold pieces
  3723 | D:7      | Bought a potion of mutation for 112 gold pieces
  3723 | D:7      | Bought 3 potions of attraction for 126 gold pieces
  3787 | D:7      | You fall into a shaft and drop 1 floor!
  4060 | D:8      | Found a shimmering blue altar of Sif Muna.
  4224 | D:8      | Reached skill level 1 in Dodging
  4275 | D:9      | Reached * piety under Okawaru
  4342 | D:9      | Found a hazy altar of Hepliaklqana.
  4388 | D:9      | Noticed a troll
  4409 | D:9      | Mangled by an orc wizard

Illustrated notes

Levels and vault maps discovered:
D:1:      tarquinn_simple_flora_water_a, layout_loops_ring
D:2:      minmay_spotlight, layout_basic, minmay_worlds_worst_comb
D:3:      layout_loops_ring, shapermc_ecumenical_altar_petra,
          hangedman_abyss_or_decor_lesser_grid, uniq_crazy_yiuf_cottage,
          uniq_terence
D:4:      layout_cave_pools, serial_co_window_serial, co_window_corner_a,
          co_window_corner_a, co_window_of_opportunity_a, co_window_paths_a,
          co_window_corner_a, co_window_corner_b, co_window_broadway_a,
          co_window_broadway_c, co_window_paths_c, co_window_unsneaky_path_d,
          co_window_cross_4, nicolae_shop_i_like_big_books, minmay_fountain_box
D:5:      layout_basic, nicolae_shop_vocational, uniq_menkaure
D:6:      layout_basic, tso_metal_star, minmay_temple_entry_nine_rooms,
          enter_ossuary_3
D:7:      layout_loops_cross, vehumet_crystals, serial_shops, shop, uniq_duvessa
D:8:      layout_cave_pools, mainiacjoe_overflow_small_starburst
D:9:      layout_roguey [special_room_orc],
          nicolae_hepliaklqana_monster_ancestors, lair_entry_dummy,
          hiddenorc1_lemuel, enter_bailey_5
Temple:   dpeg_three_leaves_temple

Skill      XL: |  1  2  3  4  5  6  7  8  9 |
---------------+----------------------------+-----
Maces & Flails | 3 4 5 7 8 |  8.4
Armour         | 4 5 6 8 |  8.1
Shields        | 4 5 6 8 |  8.0
Fighting       | 4 5 6 7 |  7.3
Dodging        | 1 |  1.3

Action                   |  1- 3 |  4- 6 |  7- 9 || total
-------------------------+-------+-------+-------++-------
Melee: Flail             |    64 |   166 |   240 ||   470
Evoke: Wand              |       |     2 |       ||     2
  Use: Scroll            |       |     1 |     7 ||     8
       Potion            |       |       |     6 ||     6
Armor: Scale mail        |    32 |    96 |   197 ||   325
       Acid dragon scale |       |       |    20 ||    20
Dodge: Dodged            |    24 |    52 |   143 ||   219
Block: Buckler           |    19 |    41 |    94 ||   154

Table legend: (Time is in decaauts)
 A = Elapsed time spent in this place.
 B = Non-inter-level travel time spent in this place.
 C = Inter-level travel time spent in this place.
 D = Time resting spent in this place.
 E = Time spent auto-exploring this place.
 F = Levels seen in this place.
 G = Mean time per level.
                   A        B        C        D        E       F      G
               +--------+--------+--------+--------+--------+-----+--------+
         Total |   4482 |   4224 |    258 |    132 |   2713 |  11 |  407.5 |
       Dungeon |   4241 |   3989 |    252 |    132 |   2645 |   9 |  471.2 |
        Temple |     62 |     56 |      6 |      0 |      0 |   1 |   62.0 |
       Ossuary |    178 |    178 |      0 |      0 |     68 |   1 |  178.0 |
               +--------+--------+--------+--------+--------+-----+--------+

Top non-repeatable levels by time:
     D:3: 732 daAuts
     D:4: 652 daAuts
     D:6: 596 daAuts
     D:5: 581 daAuts
     D:1: 515 daAuts
     D:8: 477 daAuts
     D:2: 452 daAuts
 Ossuary: 178 daAuts
     D:9: 146 daAuts
     D:7: 88 daAuts
  Temple: 62 daAuts
